 Seeded DCSS version 0.31-a0-963-ga325b2283a (webtiles) character file.

Game seed: 2546108723154378589 (custom seed)

541 Ahpoh the Slasher (level 7, -3/55 HPs)
             Began as a Barachi Fighter on Oct 24, 2023.
             Succumbed to a gnoll's poison
             ... on level 5 of the Dungeon.
             The game lasted 00:07:49 (3751 turns).

Ahpoh the Slasher (Barachi Fighter)                 Turns: 3751, Time: 00:07:50

Health: -3/55      AC: 19    Str: 17    XL:     7   Next: 26%
Magic:  7/7        EV:  2    Int:  8    God:
Gold:   292        SH:  5    Dex: 14    Spells: 6/6 levels left

rFire   . . .        a - +0 long sword
rCold   . . .        c - +0 buckler
rNeg    . . .        k - +0 crystal plate armour
rPois   .            (no helmet)
rElec   .            t - +0 cloak
rCorr   .            e - +0 pair of gloves
SInv    .            (no boots)
Will    .....        (no amulet) Stlth
                     o - ring of flight
HPRegen 0.29/turn    (no ring)
MPRegen 0.10/turn

%: no passive effects
@: lethally poisoned (-3 -> -25), flying, slow
A: amphibious, slowness 1, strong legs 1, +LOS
a: Hop


You were on level 5 of the Dungeon.
You visited 1 branch of the dungeon, and saw 5 of its levels.

You collected 292 gold pieces.

Inventory:

Hand Weapons
 a - a +0 long sword (weapon)
Armour
 c - a +0 buckler (worn)
 e - a +0 pair of gloves (worn)
 k - a +0 crystal plate armour (worn)
 t - a +0 cloak (worn)
Jewellery
 o - a ring of flight (left hand)
 p - a ring of wizardry
Wands
 u - a wand of charming (9)
Scrolls
 b - a scroll of teleportation
 g - a scroll of fog {unknown}
 j - a scroll of poison {unknown}
 l - a scroll of torment {unknown}
 n - a scroll of amnesia {unknown}
 q - a scroll of enchant weapon {unknown}
 s - a scroll of noise {unknown}
Potions
 d - 2 potions of might
 f - a potion of cancellation {unknown}
 h - 2 potions of curing
 i - 4 potions of heal wounds
 m - a potion of lignification
 r - a potion of haste {unknown}


   Skills:
 * Level 4.8 Fighting
 * Level 6.3 Long Blades
 * Level 5.3 Armour
 * Level 2.3 Dodging
 * Level 4.5 Shields


You had 6 spell levels left.
You didn't know any spells.
Your spell library contained the following spells:

 Spells                   Type           Power      Damage    Failure   Level
 Necrotise                Necr           0%         1d4       100%        1
 Frozen Ramparts          Ice            0%         1d1       100%        3
 Summon Guardian Golem    Hex/Summ       0%         N/A       100%        3
 Vampiric Draining        Necr           0%         2d6       100%        3
 Petrify                  Tmut/Erth      0%         N/A       100%        4
 Agony                    Necr           0%         N/A       100%        5
 Metabolic Englaciation   Hex/Ice        0%         N/A       100%        5
 Conjure Ball Lightning   Conj/Air       0%         3x3d6     100%        6
 Orb of Destruction       Conj           0%         9d5       100%        7
 Spellforged Servitor     Conj/Summ      0%         N/A       100%        7
 Discord                  Hex            0%         N/A       100%        8
 Disjunction              Tloc           0%         N/A       100%        8


Dungeon Overview and Level Annotations

Branches:
Dungeon (5/15)
 Temple: D:4-7

Altars:
Hepliaklqana
Nemelex Xobeh
Trog
Vehumet
Yredelemnul

Shops:
D:1 ?


Innate Abilities, Weirdness & Mutations

You are amphibious.
You cover ground slowly.
You can hop short distances.
You have an extended range of vision and can be seen from far away.


Message History

You slash the gnoll!
You kill the gnoll!
The gnoll hits you from afar with a +0 halberd!
The gnoll hits you with a +0 halberd!
Items here: ))) [ †.
You closely miss the gnoll. The gnoll barely misses you.
You slash the gnoll!
The gnoll is severely wounded.
The gnoll hits you with a +0 halberd! The gnoll hits you with a +0 halberd.
You hit the gnoll.
You kill the gnoll!
The gnoll hits you but does no damage.
You are poisoned.
You barely miss the gnoll.
You feel sick. The gnoll hits you but does no damage.
You are more poisoned.
You closely miss the gnoll.
You feel very sick.
The gnoll hits you with a +2 flail of venom.
You are lethally poisoned!
You slash the gnoll!
The gnoll is severely wounded.
* * * LOW HITPOINT WARNING * * *
You feel very sick. The gnoll hits you but does no damage.
You are more poisoned.
You hit the gnoll but do no damage.
The gnoll is severely wounded.
* * * LOW HITPOINT WARNING * * *
You feel extremely sick. You block the gnoll's attack.
You hit the gnoll but do no damage.
The gnoll is severely wounded.
* * * LOW HITPOINT WARNING * * *
You feel very sick. The gnoll hits you but does no damage.
You are more poisoned.
You barely miss the gnoll.
The gnoll is severely wounded.
You die...

..............#####.#
#######
........)..#..#####
#>.....
...........#..#...#
#.####.
#...#..)#.........#
#.
##.###)#####..#.>.#
#.
#~≈≈#~≈~#.##..##.##
#. .~≈≈.≈~≈~.##..##.#
# ~~~~~~~P..##..##.#
~P.~~~P...##..##@#
.......#P###..##g#
..P#...#.# ...##.#
#..#.#P.## #.###.#
#.#..#.## #.#
.####.## #.#### # #
#....# ####.# #.#


You could see a gnoll.

Vanquished Creatures
  A scorpion (D:5)
  Crazy Yiuf (D:2)
  2 hounds
  A gnoll bouda (D:5)
  An orc priest (D:5)
  Jessica (D:2)
  Natasha (thrice) (D:2)
  An iguana (D:5)
  2 orc wizards (D:5)
  6 gnolls
  4 adders
  2 ufetubi (D:5)
  3 worms
  6 orcs
  An endoplasm (D:1)
  2 giant cockroaches
  A goblin (D:1)
  4 hobgoblins
  A quokka (D:4)
  4 ball pythons
  3 bats
  6 frilled lizards
  3 kobolds
  3 rats
62 creatures vanquished.

Notes
Turn   | Place    | Note
-------+----------+-------------------------------------------
     0 | D:1      | Ahpoh the Barachi Fighter began the quest for the Orb.
     0 | D:1      | Reached XP level 1. HP: 18/18 MP: 1/1
   177 | D:1      | Found Tyugio's Magic Scroll Shop.
   232 | D:1      | Found a faded altar of an unknown god.
   232 | D:1      | Noticed a shadow demon
   736 | D:2      | Reached XP level 2. HP: 25/25 MP: 2/2
  1276 | D:3      | Found a sparkling altar of Nemelex Xobeh.
  1281 | D:3      | Reached skill level 3 in Long Blades
  1299 | D:3      | Reached XP level 3. HP: 30/30 MP: 3/3
  1367 | D:3      | Found a hazy altar of Hepliaklqana.
  1511 | D:3      | Reached XP level 4. HP: 34/37 MP: 4/4
  1703 | D:4      | Found a bloodstained altar of Trog.
  1723 | D:4      | Reached skill level 1 in Dodging
  1920 | D:4      | Reached skill level 4 in Long Blades
  1925 | D:4      | Reached XP level 5. HP: 32/42 MP: 5/5
  2001 | D:4      | Found a basalt altar of Yredelemnul.
  2209 | D:4      | Found a radiant altar of Vehumet.
  2688 | D:2      | Noticed Jessica
  2697 | D:2      | Killed Jessica
  2732 | D:2      | Noticed Natasha
  2744 | D:2      | Killed Natasha
  2980 | D:2      | Found a runed translucent door.
  2981 | D:2      | Noticed Crazy Yiuf
  2994 | D:2      | Killed Crazy Yiuf
  3144 | D:2      | Noticed Natasha
  3155 | D:2      | Killed Natasha
  3156 | D:2      | Reached skill level 5 in Long Blades
  3156 | D:2      | Reached XP level 6. HP: 44/49 MP: 6/6
  3233 | D:2      | Noticed Natasha
  3242 | D:2      | Killed Natasha
  3330 | D:5      | Entered Level 5 of the Dungeon
  3479 | D:5      | Reached skill level 5 in Armour
  3580 | D:5      | Reached skill level 6 in Long Blades
  3580 | D:5      | Reached XP level 7. HP: 41/55 MP: 7/7
  3750 | D:5      | HP: 2/55 [poisoned by a gnoll]
  3751 | D:5      | Succumbed to a gnoll's poison

Illustrated notes

Levels and vault maps discovered:
D:1:      dpeg_arrival_three_smaller_balls, layout_basic, serial_shops, shop,
          dreamdust_ecumenical_altar_sealed_demon
D:2:      layout_loops_cross, uniq_crazy_yiuf_cottage, uniq_jessica,
          uniq_natasha
D:3:      layout_loops_ring, nemelex_xobeh_ov_fountains_minmay,
          marbit_many_paths, serial_glass, glass_columns_b, glass_columns_a,
          moated_statue
D:4:      layout_basic, lemuel_round_altar, mainiacjoe_overflow_catch_the_wave
D:5:      wad_lake_hut, layout_loops_ring, makhleb_blood_cavern_becter,
          lemuel_tele_altar, kennysheep_generic_room_3

Skill      XL: |  1  2  3  4  5  6 |
---------------+-------------------+-----
Long Blades    | 3 4 5 6 |  6.3
Fighting       | 4 |  4.8
Armour         | 4 5 |  5.3
Dodging        | 1 2 |  2.3
Shields        | 4 |  4.5

Action                     |  1- 3 |  4- 6 |  7- 9 || total
---------------------------+-------+-------+-------++-------
  Melee: Long sword        |   122 |   148 |    42 ||   312
    Use: Scroll            |       |     4 |       ||     4
         Potion            |       |     1 |       ||     1
 Armour: Scale mail        |     8 |       |       ||     8
         Crystal plate arm |   116 |   189 |    39 ||   344
         Skin              |       |     3 |       ||     3
  Dodge: Dodged            |    17 |    14 |     3 ||    34
  Block: Buckler           |    29 |    45 |     7 ||    81

Table legend: (Time is in decaauts)
 A = Elapsed time spent in this place.
 B = Non-inter-level travel time spent in this place.
 C = Inter-level travel time spent in this place.
 D = Time resting spent in this place.
 E = Time spent auto-exploring this place.
 F = Levels seen in this place.
 G = Mean time per level.
                   A        B        C        D        E       F      G
               +--------+--------+--------+--------+--------+-----+--------+
         Total |   4432 |   4155 |    277 |    267 |   2729 |   5 |  886.4 |
       Dungeon |   4432 |   4155 |    277 |    267 |   2729 |   5 |  886.4 |
               +--------+--------+--------+--------+--------+-----+--------+

Top non-repeatable levels by time:
     D:4: 1194 daAuts
     D:2: 1084 daAuts
     D:3: 883 daAuts
     D:1: 797 daAuts
     D:5: 472 daAuts
